Workbook
Name _Hlk170596029: 'INDICES 2024'!#REF!

Sheet HOJA DE TRABAJO
B3: NOMBRE DE EMPRESA
B4: HOJA DE CALCULO PARA INDICES ANEXO No 4
E5: PERIODO 2024
B9: Razón Financiera | C9: Fórmula | D9: Criterio Matriz | H9: Requisito Oferta | I9: Cumple / No Cumple | J9: Rangos de Calificación
B11: LIQUIDEZ. | E11: (a) | F11: (b) | G11: (Resultado)
B12: Liquidez o Solvencia | C12: Activo Corriente (a) ______________ Pasivo Corriente (b) | D12: >=a | E12: 4326501.5 | F12: 858458.11 | G12: =E12/F12 -> 5.0398516 | H12: 1.5 | I12: SI | J12: si criterio >= 1.5 Puntaje 1.5
B14: Capital de Trabajo | C14: Activo Corriente - Pasivo Corriente | D14: >=a | E14: =+E12 -> 4326501.5 | F14: =+F12 -> 858458.11 | G14: =E14-F14 -> 3468043.3 | H14: 1.5 | I14: SI | J14: si criterio >= 0 Puntaje 1.5
B16: Relacion de Liquidez (Prueba Acida) | C16: Activo Corriente - Inventario _____________________Pasivo Corriente | D16: >=a | E16: 4224308.9 | F16: =+F12 -> 858458.11 | G16: =E16/F16 -> 4.9208096 | H16: 1.5 | I16: SI | J16: si criterio >= 1 Puntaje 1.5
B18: SOLVENCIA
B20: Endeudamiento del Activo | C20: Pasivo Total ______________ Activo Total | D20: <=a | E20: 4533330.8 | F20: 7872792.8 | G20: =E20/F20 -> 0.57582245 | H20: 1.25 | I20: SI | J20: si criterio <= 60% Puntaje 1.25
B22: GESTION
B24: Rotacion de Activod | C24: Ventas / Activos totales | D24: >=a | E24: 1328571.5 | F24: =+F20 -> 7872792.8 | G24: =E24/F24 -> 0.1687548 | H24: 0 | I24: NO | J24: si criterio >= 45% Puntaje 1.25
B26: RENTABILIDAD
B28: Rentabilidad Neta de las Ventas | C28: Utilidad Neta _____________ Ventas | D28: >=a | E28: 81048.08 | F28: =+E24 -> 1328571.5 | G28: =E28/F28 -> 0.061003926 | H28: 1 | I28: SI | J28: si criterio >= 2% Puntaje 1
B30: Rentabilidad sobre los Activos ROA | C30: Utilidad Neta _____________ Activo Total | D30: >=a | E30: =+E28 -> 81048.08 | F30: =+F24 -> 7872792.8 | G30: =E30/F30 -> 0.010294705 | H30: 1 | I30: SI | J30: si criterio >= 1% Puntaje 1
B32: ROE (Return of Equity) Rentabilidad Financiera | C32: Utilidad Neta _____________ Patrimonio | D32: >=a | E32: =+E30 -> 81048.08 | F32: 3309288.8 | G32: =E32/F32 -> 0.024491087 | H32: 0 | I32: NO | J32: si criterio >= 7% Puntaje 1
H35: =SUM(H12:H32) -> 7.75
B39: Respaldos: | G39: Balance | I39: Datos
C40: SRI | G40: Activo Total | I40: =F20 -> 7872792.8
D41: Formulario 101 | G41: Activo Corriente | I41: =F12 -> 858458.11
C42: SUPERINTENDENCIA DE COMPANIAS | G42: Pasivo Total | I42: =E20 -> 4533330.8
D43: Balance ESF | G43: Pasivo Corriente | I43: =F12 -> 858458.11
D44: Balance ERI | G44: Patrimonio | I44: =F32 -> 3309288.8
G45: Ventas | I45: =F28 -> 1328571.5
G46: Utilidad Neta | I46: =E32 -> 81048.08

Sheet INDICES 2024
B9: ANEXO Nro. 4
B10: MATRIZ DE EVALUACIÓN FINANCIERA
B12: EMPRESA:
B13: AÑO:
B14: CALIFICACIÓN | C14: =F42 -> 0 | E14: =IF(C14>=7,"CUMPLE","NO CUMPLE") -> NO CUMPLE
B16: Razón Financiera | C16: Fórmula | D16: Criterio Matriz | F16: Calificación a obtener | G16: Calificación Oferente | H16: Rangos de Calificación | I16: Apéndice*
B18: LIQUIDEZ
B19: Liquidez o Solvencia | C19: Activo Corriente __________________ Pasivo Corriente | D19: >=a | E19: 1.5 | G19: 1.5 | H19: si criterio >= 1.50 Puntaje 1.50 | I19: Este indice relaciona los activos corrientes frente a los pasivos de misma naturaleza. Cuanto más alto sea el coeficiente, la empresa tendra mayores posiblidades de efectuar sus pagos a corto plazo. La liquidez corriente muestra la capacidad de las epresas para hacer frente a sus vencimientos de corto plazo.
B21: Capital de Trabajo | C21: Activo Corriente - Pasivo Corriente | D21: >=a | E21: 0 | G21: 1.5 | H21: si criterio >= 0 Puntaje 1.50 | I21: El capital de trabajo muestra entre activos y pasivos corrientes, nos ayuda a entender cuanto dinero tiene la empresa para operar y crecer tras el pago de sus deudas, representa la liquidez operativa disponible para cumplir con sus obligaciones actuales a corto plazo.
B23: Relación de Liquidez (Prueba Ácida) | C23: Activo Corriente - Inventario _____________________Pasivo Corriente | D23: >=a | E23: 1 | G23: 1.5 | H23: si criterio >= 1 Puntaje 1.50 | I23: Es un indicadormas más riguroso, el cual pretende verificar la capacidad de la empresa para cancelar sus obligaciones corrientes, pero sin depender de las ventas de sus existencias; es decir, básicamente con sus saldos de efectivo, el de sus cuetas por cobrar, inversiones temporales y algun otro activo de fácil liquidación, diferentes a los inventarios.
B25: SOLVENCIA
B27: Endeudamiento del Activo | C27: Pasivo Total ______________ Activo Total | D27: <=a | E27: 0.6 | G27: 1.25 | H27: si criterio <= 60% Puntaje 1.25 | I27: Este índice permite determinar el nivel de autonomía financiera. Cuando el índice es elevado indica que la empresa depende mucho de sus acreedores y que dispone de una limitada capacidad de endeudamiento, o lo que es lo mismo, se está descapitalizando y funciona con una estructura financiera más arriesgada. Por el contrario, un índice bajo representa un elevado grado de independencia de la empresa frente a sus acreedores.
B29: GESTIÓN
B31: Rotación de Ventas | C31: Ventas / Activos totales | D31: >=a | E31: 0.45 | G31: 1.25 | H31: si criterio >= 45% Puntaje 1.25 | I31: Es el porcentaje de retorno que generan los activos de una empresa. Mientras mayor sea el volumen de ventas que se pueda realizar con determinada inversión, más eficiente será la gestión de los Activos Totales del negocio.
B33: RENTABILIDAD
B35: Rentabilidad Neta de las Ventas | C35: Utilidad Neta _____________ Ventas | D35: >=a | E35: 0.02 | G35: 1 | H35: si criterio >= 2% Puntaje 1.00 | I35: Los índices de rentabilidad de ventas muestran la utilidad de la empresa por cada unidad de venta. Proporciona el beneficio derivado de cada unidad monetaria de ventas e indica la magnitud de los precios o los costos en aumento.
B37: Rentabilidad sobre los Activos ROA | C37: Utilidad Neta _____________ Activo Total | D37: >=a | E37: 0.01 | G37: 1 | H37: si criterio >= 1% Puntaje 1.00 | I37: Este indicador mide la rentabilidad de los activos, puede interpretarse como la utilidad que recibe la empresa por cada dólar invertido en sus distinto bienes y de los cuales se esperan ganancias en un futuro refleja la capacidad de ganancia y el uso efectivo de todos los recursos de la compañía.
B39: ROE (Return of Equity) Rentabilidad Financiera | C39: Utilidad Neta _____________ Patrimonio | D39: >=a | E39: 0.07 | G39: 1 | H39: si criterio >= 7% Puntaje 1.00 | I39: Este indicador tambien es denominado como el de Rentabilidad Financiera, en donde va a relacionar los rendimientos, o las utilidades netas, con los recursos que se necesitan para obtenerla.
F42: =SUM(F19:F39) -> 0 | G42: =SUM(G19:G39) -> 10
B46: * Fuente Superintendencia de Compañías, Valores y Seguros de Ecuador.
B47: https://www.supercias.gob.ec
B49: Resultado Mínimo a Obtener: 7
B50: Información Necesaria:
B51: Oferente Nacional: Estados Financieros debidamente suscritos por el representante legal y el Contador ( Auditados para las empresas obligadas a presentarlo, tomando en consideración a la normativa legal) en el formulario de la declaración del Impuesto a Renta del Ejercicio fiscal cerrado inmediatamente anterior.
B53: Oferente extanjero: Estados Financieros auditados del año inmediatamente anterior, debidamente suscritos por el representante legal y el contador ( idioma espanol y expresado en dólares de los Estados Unidos de Norteamérica).
B55: Fecha de Actualización: Octubre de 2025

Sheet INDICES 2022
D4: FORMULARIO Nro. 4
C6: MATRIZ DE EVALUACION FINANCIERA
D9: FORMULARIO Nro. 4
C10: MATRIZ DE EVALUACION FINANCIERA
B12: EMPRESA: | C12: OCIPAG CIA. LTDA.
B13: CALIFICA | C13: =SUM(E18:E38) -> 9
B15: Razón Financiera | C15: Fórmula | D15: Criterio Matriz | E15: Calificacion a obtener | F15: Calificación Oferente | G15: Rangos de Calificación | H15: Apéndice
B17: LIQUIDEZ.
B18: Liquidez o Solvencia | C18: Activo Corriente ______________ Pasivo Corriente | D18: >=a | E18: 1.5 | F18: 1.5 | G18: si criterio >= 1.5 Puntaje 1.5 | H18: Este indice relaciona los activos corrientes frente a los pasivos de misma naturaleza. Cuanto mas alto sea el coeficiente, la empresa tendra ayores posiblidades de efectuar sus pagos a corto plazo. La liquidez corriente muestra la capacidad de las mepresas para hacer frente a sus vencimiento de corto plazo.
B20: Capital de Trabajo | C20: Activo Corriente - Pasivo Corriente | D20: >=a | E20: 1.5 | F20: 1.5 | G20: si criterio >= 0 Puntaje 1.5 | H20: El capital de trabajo muestra entre activos y pasivos corrientes, nos ayuda a entender cuanto dinero tiene la empresa para operar y crecer tras el pago de sus deudas, representa la liquidez operativa disponible para cumplir con sus obligaciones actuales a corto plazo.
B22: Relacion de Liquidez (Prueba Acida) | C22: Activo Corriente - Inventario ______________________ Pasivo Corriente | D22: >=a | E22: 1.5 | F22: 1.5 | G22: si criterio >= 1 Puntaje 1.5 | H22: Es un indicadormas riguroso, el cual pretende verificar la capacidad de la empresa para cancelar sus obligaciones corriente, pero sin depender de las venta de sus existencias; es deir, basicamente con sus saldos de efectivo, el de sus cuetas por cobrar, inversiones temporales y algun otro activo de facil liquidacion, diferentes a los inventarios.
B24: SOLVENCIA
B26: Endeudamiento del Activo | C26: Pasivo Total ______________ Activo Total | D26: <=a | E26: 1.25 | F26: 1.25 | G26: si criterio >= 60% Puntaje 1.25 | H26: Este indice permite determinar el nivel de autonomia financiera. Cuando el indice es elevado indica que la empresa depende mucho de sus acreedores y que dispone de uan limitada capacidad de endeudameinto, o lo que es lo mismo, se esta descapitalizando y funciona con una estructura finacniera mas arriesgada. Por el contratio, un indice bajo representa un elevado grado de independencia de la empresa frente a sus acreedores
B28: GESTION
B30: Rotacion de Activod | C30: Ventas / Activos totales | D30: >=a | E30: 1.25 | F30: 1.25 | G30: si criterio >= 45% Puntaje 1.25 | H30: Es el prcentaje de retorno que generan los activos de una empresa. Mientras mayor sea el volumen de ventas que se pueda realizar con determinada inversion, mas eficiente sera la direccion Activo Total del negocio
B32: RENTABILIDAD
B34: Rentabilidad Neta de las Ventas | C34: Utilidad Neta _____________ Ventas | D34: >=a | E34: 1 | F34: 1 | G34: si criterio >= 2% Puntaje 1 | H34: Los indices de rentabilidad de ventas muestran la utilidad de la empresa por cada unidad de venta. Proporciona el beneficio derivado de cada unidad monetaria de ventas e indica la magnitud de los precios o los costos en aumento
B36: Rentabilidad sobre los Activos ROA | C36: Utilidad Neta _____________ Activo Total | D36: >=a | E36: 1 | F36: 1 | G36: si criterio >= 1% Puntaje 1 | H36: Este indicador mide la rentabilidad de los activos, puede interpretarse como la utilidad que recibe la empresa por cada dolar invertido en sus distinto bienes y de os cuales se esperan ganancias en un futuro refleja la capacidad de ganancia y el uso efectivo de todos los reursos de la compania
B38: ROE (Return of Equity) Rentabilidad Financiera | C38: Utilidad Neta _____________ Patrimonio | D38: >=a | E38: 0 | F38: 1 | G38: si criterio >= 7% Puntaje 1 | H38: Este indicador tambien es denominado como el de Rentabilidad Financiera, en donde va a relacionar los rendimientos, o las utilidades netas, con los recursos que se necesitan para obtenerla.
F41: 10
B45: * Fuente Superintendencia de Companias
B46: Resultado Minimo a Obtener: 7
B47: Informacion Necesaria:
B48: Oferente Nacional: Estados Financieros debidamente suscritos por el representante legal y el Contador ( Auditados para las epresas obligadas a presentarlo, tomando en cosideracionla normativa legal) e formulario de la declaracion del Impuesto a Renta del Ejercicio fiscal cerrado inmediatamente anterior.
B50: Oferente extanjero: Estados Financieros auditados del ano inmediatamente anterior, debidamente suscritos por el representante legal y el contador ( idioma espanol y expresado en dolares de los Estados Unidos de Norteamerica).
B52: Fecha de Actualizacion: 26 de marzo de 2024

Sheet HOJA DE TRABAJO 2023
D3: FORMULARIO Nro. 4
C4: MATRIZ DE EVALUACION FINANCIERA
B6: EMPRESA: | C6: OCIPAG CIA. LTDA.
B7: CALIFICA | C7: =SUM(G12:G32) -> 0
B9: Razón Financiera | C9: Fórmula | D9: Criterio Matriz | G9: Calificacion a obtener | H9: Calificación Oferente | I9: Rangos de Calificación | J9: Apéndice
B11: LIQUIDEZ. | L11: ACTIVO CORRIENTE | M11: PASIVO CORRIENTE | N11: INVENTARIO | O11: VENTAS | P11: PATRIMONIO | Q11: ACTIVO TOTAL | R11: PASICO TOTAL | S11: UTILIDAD NETA
B12: Liquidez o Solvencia | C12: Activo Corriente ______________ Pasivo Corriente | D12: >=a | E12: =L12/M12 -> 1.7134095 | F12: =IF(E12>=1.5,1.5,0) -> 1.5 | H12: 1.5 | I12: si criterio >= 1.5 Puntaje 1.5 | J12: Este indice relaciona los activos corrientes frente a los pasivos de misma naturaleza. Cuanto mas alto sea el coeficiente, la empresa tendra ayores posiblidades de efectuar sus pagos a corto plazo. La liquidez corriente muestra la capacidad de las mepresas para hacer frente a sus vencimiento de corto plazo. | L12: 3619365.7 | M12: 2112376.3 | N12: 0 | O12: 3569480.3 | P12: 2720445.4 | Q12: 6684888.8 | R12: 3964443.3 | S12: 84901.24
B14: Capital de Trabajo | C14: Activo Corriente - Pasivo Corriente | D14: >=a | E14: =L14-M14 -> 1506989.3 | F14: =IF(E14>=0,1.5,0) -> 1.5 | H14: 1.5 | I14: si criterio >= 0 Puntaje 1.5 | J14: El capital de trabajo muestra entre activos y pasivos corrientes, nos ayuda a entender cuanto dinero tiene la empresa para operar y crecer tras el pago de sus deudas, representa la liquidez operativa disponible para cumplir con sus obligaciones actuales a corto plazo. | L14: 3619365.7 | M14: 2112376.3 | N14: 0 | O14: 3569480.3 | P14: 2720445.4 | Q14: 6684888.8 | R14: 3964443.3 | S14: 84901.24
B16: Relacion de Liquidez (Prueba Acida) | C16: Activo Corriente - Inventario ________________________Pasivo Corriente | D16: >=a | E16: =L16/M16 -> 1.7134095 | F16: =IF(E16>=1,1.5,0) -> 1.5 | H16: 1.5 | I16: si criterio >= 1 Puntaje 1.5 | J16: Es un indicadormas riguroso, el cual pretende verificar la capacidad de la empresa para cancelar sus obligaciones corriente, pero sin depender de las venta de sus existencias; es deir, basicamente con sus saldos de efectivo, el de sus cuetas por cobrar, inversiones temporales y algun otro activo de facil liquidacion, diferentes a los inventarios. | L16: 3619365.7 | M16: 2112376.3 | N16: 0 | O16: 3569480.3 | P16: 2720445.4 | Q16: 6684888.8 | R16: 3964443.3 | S16: 84901.24
B18: SOLVENCIA
B20: Endeudamiento del Activo | C20: Pasivo Total ______________ Activo Total | D20: <=a | E20: =R20/Q20 -> 0.59304552 | F20: =IF(E20<=60%,1.25,0) -> 1.25 | H20: 1.25 | I20: si criterio >= 60% Puntaje 1.25 | J20: Este indice permite determinar el nivel de autonomia financiera. Cuando el indice es elevado indica que la empresa depende mucho de sus acreedores y que dispone de uan limitada capacidad de endeudameinto, o lo que es lo mismo, se esta descapitalizando y funciona con una estructura finacniera mas arriesgada. Por el contratio, un indice bajo representa un elevado grado de independencia de la empresa frente a sus acreedores | L20: 3619365.7 | M20: 2112376.3 | N20: 0 | O20: 3569480.3 | P20: 2720445.4 | Q20: 6684888.8 | R20: 3964443.3 | S20: 84901.24
B22: GESTION
B24: Rotacion de Activod | C24: Ventas / Activos totales | D24: >=a | E24: =O24/Q24 -> 0.53396256 | F24: =IF(E24<=60%,1.25,0) -> 1.25 | H24: 1.25 | I24: si criterio >= 45% Puntaje 1.25 | J24: Es el prcentaje de retorno que generan los activos de una empresa. Mientras mayor sea el volumen de ventas que se pueda realizar con determinada inversion, mas eficiente sera la direccion Activo Total del negocio | L24: 3619365.7 | M24: 2112376.3 | N24: 0 | O24: 3569480.3 | P24: 2720445.4 | Q24: 6684888.8 | R24: 3964443.3 | S24: 84901.24
B26: RENTABILIDAD
B28: Rentabilidad Neta de las Ventas | C28: Utilidad Neta _____________ Ventas | D28: >=a | E28: =S28/O28 -> 0.023785322 | F28: =IF(E28>=2%,1,0) -> 1 | H28: 1 | I28: si criterio >= 2% Puntaje 1 | J28: Los indices de rentabilidad de ventas muestran la utilidad de la empresa por cada unidad de venta. Proporciona el beneficio derivado de cada unidad monetaria de ventas e indica la magnitud de los precios o los costos en aumento | L28: 3619365.7 | M28: 2112376.3 | N28: 0 | O28: 3569480.3 | P28: 2720445.4 | Q28: 6684888.8 | R28: 3964443.3 | S28: 84901.24
B30: Rentabilidad sobre los Activos ROA | C30: Utilidad Neta _____________ Activo Total | D30: >=a | E30: =S30/Q30 -> 0.012700472 | F30: =IF(E30>=1%,1,0) -> 1 | H30: 1 | I30: si criterio >= 1% Puntaje 1 | J30: Este indicador mide la rentabilidad de los activos, puede interpretarse como la utilidad que recibe la empresa por cada dolar invertido en sus distinto bienes y de os cuales se esperan ganancias en un futuro refleja la capacidad de ganancia y el uso efectivo de todos los reursos de la compania | L30: 3619365.7 | M30: 2112376.3 | N30: 0 | O30: 3569480.3 | P30: 2720445.4 | Q30: 6684888.8 | R30: 3964443.3 | S30: 84901.24
B32: ROE (Return of Equity) Rentabilidad Financiera | C32: Utilidad Neta _____________ Patrimonio | D32: >=a | E32: =S32/P32 -> 0.03120858 | F32: =IF(E32>=7%,1,0) -> 0 | G32: 0 | H32: 1 | I32: si criterio >= 7% Puntaje 1 | J32: Este indicador tambien es denominado como el de Rentabilidad Financiera, en donde va a relacionar los rendimientos, o las utilidades netas, con los recursos que se necesitan para obtenerla. | L32: 3619365.7 | M32: 2112376.3 | N32: 0 | O32: 3569480.3 | P32: 2720445.4 | Q32: 6684888.8 | R32: 3964443.3 | S32: 84901.24
F35: =SUM(F12:F32) -> 9 | G35: =SUM(G12:G32) -> 0 | H35: =SUM(H12:H32) -> 10

Sheet HT2022 PARA PAM
D3: FORMULARIO Nro. 4
C4: MATRIZ DE EVALUACION FINANCIERA
E5: HOJA DE CALCULO OCIPAG
B6: EMPRESA: | C6: OCIPAG CIA. LTDA.
B7: CALIFICA | C7: =SUM(I12:I32) -> 9
B9: Razón Financiera | C9: Fórmula | D9: Criterio Matriz | I9: Calificacion a obtener | J9: Calificación Oferente | K9: Rangos de Calificación | L9: Apéndice
B11: LIQUIDEZ.
B12: Liquidez o Solvencia | C12: Activo Corriente ______________ Pasivo Corriente | D12: >=a | E12: ='HOJA DE TRABAJO 2022'!L12 -> 4706.95 | F12: ='HOJA DE TRABAJO 2022'!M12 -> 2069.65 | G12: =E12/F12 -> 2.2742734 | H12: =IF(G12>=1.5,1.5,0) -> 1.5 | I12: =IF(G12>=H12,J12,0) -> 1.5 | J12: 1.5 | K12: si criterio >= 1.5 Puntaje 1.5 | L12: Este indice relaciona los activos corrientes frente a los pasivos de misma naturaleza. Cuanto mas alto sea el coeficiente, la empresa tendra ayores posiblidades de efectuar sus pagos a corto plazo. La liquidez corriente muestra la capacidad de las mepresas para hacer frente a sus vencimiento de corto plazo.
B14: Capital de Trabajo | C14: Activo Corriente - Pasivo Corriente | D14: >=a | E14: =E12 -> 4706.95 | F14: =F12 -> 2069.65 | G14: =G12 -> 2.2742734 | H14: 0 | I14: =IF(G14>=H14,J14,0) -> 1.5 | J14: 1.5 | K14: si criterio >= 0 Puntaje 1.5 | L14: El capital de trabajo muestra entre activos y pasivos corrientes, nos ayuda a entender cuanto dinero tiene la empresa para operar y crecer tras el pago de sus deudas, representa la liquidez operativa disponible para cumplir con sus obligaciones actuales a corto plazo.
B16: Relacion de Liquidez (Prueba Acida) | C16: Activo Corriente - Inventario ________________________Pasivo Corriente | D16: >=a | E16: =E14 -> 4706.95 | F16: =F14 -> 2069.65 | G16: =E16/F16 -> 2.2742734 | H16: 1 | I16: =IF(G16>=H16,J16,0) -> 1.5 | J16: 1.5 | K16: si criterio >= 1 Puntaje 1.5 | L16: Es un indicadormas riguroso, el cual pretende verificar la capacidad de la empresa para cancelar sus obligaciones corriente, pero sin depender de las venta de sus existencias; es deir, basicamente con sus saldos de efectivo, el de sus cuetas por cobrar, inversiones temporales y algun otro activo de facil liquidacion, diferentes a los inventarios.
B18: SOLVENCIA
B20: Endeudamiento del Activo | C20: Pasivo Total ______________ Activo Total | D20: <=a | E20: ='HOJA DE TRABAJO 2022'!R12 -> 2069.65 | F20: ='HOJA DE TRABAJO 2022'!Q12 -> 8316.95 | G20: =E20/F20 -> 0.24884723 | H20: 0.6 | I20: =IF(G20<=H20,J20,0) -> 1.25 | J20: 1.25 | K20: si criterio >= 60% Puntaje 1.25 | L20: Este indice permite determinar el nivel de autonomia financiera. Cuando el indice es elevado indica que la empresa depende mucho de sus acreedores y que dispone de uan limitada capacidad de endeudameinto, o lo que es lo mismo, se esta descapitalizando y funciona con una estructura finacniera mas arriesgada. Por el contratio, un indice bajo representa un elevado grado de independencia de la empresa frente a sus acreedores
B22: GESTION
B24: Rotacion de Activod | C24: Ventas / Activos totales | D24: >=a | E24: ='HOJA DE TRABAJO 2022'!O12 -> 5000.43 | F24: ='HOJA DE TRABAJO 2022'!Q12 -> 8316.95 | G24: =E24/F24 -> 0.60123363 | H24: 0.45 | I24: =IF(G24>=H24,J24,0) -> 1.25 | J24: 1.25 | K24: si criterio >= 45% Puntaje 1.25 | L24: Es el prcentaje de retorno que generan los activos de una empresa. Mientras mayor sea el volumen de ventas que se pueda realizar con determinada inversion, mas eficiente sera la direccion Activo Total del negocio
B26: RENTABILIDAD
B28: Rentabilidad Neta de las Ventas | C28: Utilidad Neta _____________ Ventas | D28: >=a | E28: ='HOJA DE TRABAJO 2022'!S12 -> 151.07 | F28: ='HOJA DE TRABAJO 2022'!O12 -> 5000.43 | G28: =E28/F28 -> 0.030211402 | H28: 0.02 | I28: =IF(G28>=H28,J28,0) -> 1 | J28: 1 | K28: si criterio >= 2% Puntaje 1 | L28: Los indices de rentabilidad de ventas muestran la utilidad de la empresa por cada unidad de venta. Proporciona el beneficio derivado de cada unidad monetaria de ventas e indica la magnitud de los precios o los costos en aumento
B30: Rentabilidad sobre los Activos ROA | C30: Utilidad Neta _____________ Activo Total | D30: >=a | E30: =E28 -> 151.07 | F30: =F24 -> 8316.95 | G30: =E30/F30 -> 0.018164111 | H30: 0.01 | I30: =IF(G30>=H30,J30,0) -> 1 | J30: 1 | K30: si criterio >= 1% Puntaje 1 | L30: Este indicador mide la rentabilidad de los activos, puede interpretarse como la utilidad que recibe la empresa por cada dolar invertido en sus distinto bienes y de os cuales se esperan ganancias en un futuro refleja la capacidad de ganancia y el uso efectivo de todos los reursos de la compania
B32: ROE (Return of Equity) Rentabilidad Financiera | C32: Utilidad Neta _____________ Patrimonio | D32: >=a | E32: =E30 -> 151.07 | F32: ='HOJA DE TRABAJO 2022'!P12 -> 6247.3 | G32: =E32/F32 -> 0.024181646 | H32: 0.07 | I32: =IF(G32>=H32,J32,0) -> 0 | J32: 1 | K32: si criterio >= 7% Puntaje 1 | L32: Este indicador tambien es denominado como el de Rentabilidad Financiera, en donde va a relacionar los rendimientos, o las utilidades netas, con los recursos que se necesitan para obtenerla.
I35: =SUM(I12:I32) -> 9 | J35: =SUM(J12:J32) -> 10

Sheet HOJA DE TRABAJO 2022
D3: FORMULARIO Nro. 4
C4: MATRIZ DE EVALUACION FINANCIERA
B6: EMPRESA: | C6: OCIPAG CIA. LTDA.
B7: CALIFICA | C7: =F35 -> 7.75
B9: Razón Financiera | C9: Fórmula | D9: Criterio Matriz | G9: Calificacion a obtener | H9: Calificación Oferente | I9: Rangos de Calificación | J9: Apéndice
B11: LIQUIDEZ. | L11: ACTIVO CORRIENTE | M11: PASIVO CORRIENTE | N11: INVENTARIO | O11: VENTAS | P11: PATRIMONIO | Q11: ACTIVO TOTAL | R11: PASICO TOTAL | S11: UTILIDAD NETA
B12: Liquidez o Solvencia | C12: Activo Corriente ______________ Pasivo Corriente | D12: >=a | E12: =L12/M12 -> 2.2742734 | F12: =IF(E12>=1.5,1.5,0) -> 1.5 | H12: 1.5 | I12: si criterio >= 1.5 Puntaje 1.5 | J12: Este indice relaciona los activos corrientes frente a los pasivos de misma naturaleza. Cuanto mas alto sea el coeficiente, la empresa tendra ayores posiblidades de efectuar sus pagos a corto plazo. La liquidez corriente muestra la capacidad de las mepresas para hacer frente a sus vencimiento de corto plazo. | L12: 4706.95 | M12: 2069.65 | N12: 0 | O12: 5000.43 | P12: 6247.3 | Q12: 8316.95 | R12: 2069.65 | S12: 151.07
B14: Capital de Trabajo | C14: Activo Corriente - Pasivo Corriente | D14: >=a | E14: =L14-M14 -> 2637.3 | F14: =IF(E14>=0,1.5,0) -> 1.5 | H14: 1.5 | I14: si criterio >= 0 Puntaje 1.5 | J14: El capital de trabajo muestra entre activos y pasivos corrientes, nos ayuda a entender cuanto dinero tiene la empresa para operar y crecer tras el pago de sus deudas, representa la liquidez operativa disponible para cumplir con sus obligaciones actuales a corto plazo. | L14: 4706.95 | M14: 2069.65 | N14: 0 | O14: 5000.43 | P14: 6247.3 | Q14: 8316.95 | R14: 2069.65 | S14: 151.07
B16: Relacion de Liquidez (Prueba Acida) | C16: Activo Corriente - Inventario ________________________Pasivo Corriente | D16: >=a | E16: =L16/M16 -> 2.2742734 | F16: =IF(E16>=1.5,1.5,0) -> 1.5 | H16: 1.5 | I16: si criterio >= 1 Puntaje 1.5 | J16: Es un indicadormas riguroso, el cual pretende verificar la capacidad de la empresa para cancelar sus obligaciones corriente, pero sin depender de las venta de sus existencias; es deir, basicamente con sus saldos de efectivo, el de sus cuetas por cobrar, inversiones temporales y algun otro activo de facil liquidacion, diferentes a los inventarios. | L16: 4706.95 | M16: 2069.65 | N16: 0 | O16: 5000.43 | P16: 6247.3 | Q16: 8316.95 | R16: 2069.65 | S16: 151.07
B18: SOLVENCIA
B20: Endeudamiento del Activo | C20: Pasivo Total ______________ Activo Total | D20: <=a | E20: =R20/Q20 -> 0.24884723 | F20: =IF(E20<=60%,1.25,0) -> 1.25 | H20: 1.25 | I20: si criterio >= 60% Puntaje 1.25 | J20: Este indice permite determinar el nivel de autonomia financiera. Cuando el indice es elevado indica que la empresa depende mucho de sus acreedores y que dispone de uan limitada capacidad de endeudameinto, o lo que es lo mismo, se esta descapitalizando y funciona con una estructura finacniera mas arriesgada. Por el contratio, un indice bajo representa un elevado grado de independencia de la empresa frente a sus acreedores | L20: 4706.95 | M20: 2069.65 | N20: 0 | O20: 5000.43 | P20: 6247.3 | Q20: 8316.95 | R20: 2069.65 | S20: 151.07
B22: GESTION
B24: Rotacion de Activod | C24: Ventas / Activos totales | D24: >=a | E24: =O24/Q24 -> 0.60123363 | F24: =IF(E24<=60%,1.25,0) -> 0 | H24: 1.25 | I24: si criterio >= 45% Puntaje 1.25 | J24: Es el prcentaje de retorno que generan los activos de una empresa. Mientras mayor sea el volumen de ventas que se pueda realizar con determinada inversion, mas eficiente sera la direccion Activo Total del negocio | L24: 4706.95 | M24: 2069.65 | N24: 0 | O24: 5000.43 | P24: 6247.3 | Q24: 8316.95 | R24: 2069.65 | S24: 151.07
B26: RENTABILIDAD
B28: Rentabilidad Neta de las Ventas | C28: Utilidad Neta _____________ Ventas | D28: >=a | E28: =S28/O28 -> 0.030211402 | F28: =IF(E28>=2%,1,0) -> 1 | H28: 1 | I28: si criterio >= 2% Puntaje 1 | J28: Los indices de rentabilidad de ventas muestran la utilidad de la empresa por cada unidad de venta. Proporciona el beneficio derivado de cada unidad monetaria de ventas e indica la magnitud de los precios o los costos en aumento | L28: 4706.95 | M28: 2069.65 | N28: 0 | O28: 5000.43 | P28: 6247.3 | Q28: 8316.95 | R28: 2069.65 | S28: 151.07
B30: Rentabilidad sobre los Activos ROA | C30: Utilidad Neta _____________ Activo Total | D30: >=a | E30: =S30/Q30 -> 0.018164111 | F30: =IF(E30>=1%,1,0) -> 1 | H30: 1 | I30: si criterio >= 1% Puntaje 1 | J30: Este indicador mide la rentabilidad de los activos, puede interpretarse como la utilidad que recibe la empresa por cada dolar invertido en sus distinto bienes y de os cuales se esperan ganancias en un futuro refleja la capacidad de ganancia y el uso efectivo de todos los reursos de la compania | L30: 4706.95 | M30: 2069.65 | N30: 0 | O30: 5000.43 | P30: 6247.3 | Q30: 8316.95 | R30: 2069.65 | S30: 151.07
B32: ROE (Return of Equity) Rentabilidad Financiera | C32: Utilidad Neta _____________ Patrimonio | D32: >=a | E32: =S32/P32 -> 0.024181646 | F32: =IF(E32>=7%,1,0) -> 0 | G32: 0 | H32: 1 | I32: si criterio >= 7% Puntaje 1 | J32: Este indicador tambien es denominado como el de Rentabilidad Financiera, en donde va a relacionar los rendimientos, o las utilidades netas, con los recursos que se necesitan para obtenerla. | L32: 4706.95 | M32: 2069.65 | N32: 0 | O32: 5000.43 | P32: 6247.3 | Q32: 8316.95 | R32: 2069.65 | S32: 151.07
F35: =SUM(F12:F32) -> 7.75 | G35: =SUM(G12:G32) -> 0 | H35: =SUM(H12:H32) -> 10
